 Dungeon Crawl Stone Soup version 0.18-a0-1805-g8ab820f (webtiles) character file.

18 UnknownArtist the Ducker (level 2, 0/14 HPs)
             Began as a Felid Berserker on Apr 26, 2016.
             Was a Follower of Trog.
             Slain by a bat (1 damage)
             ... on level 1 of the Dungeon.
             The game lasted 00:03:33 (756 turns).

UnknownArtist the Ducker (Felid Berserker)           Turns: 756, Time: 00:03:33

Health: 0/14       AC:  1    Str: 13    XL:     2   Next: 48%
Magic:  3/3        EV: 19    Int:  8    God:    Trog [*.....]
Gold:   41         SH:  0    Dex: 15    Spells: 0 memorised, 1 level left
                                        Lives:  0   Deaths: 0

rFire  . . .     SeeInvis +       - Unarmed
rCold  . . .     Gourm    .     (armour unavailable)
rNeg   . . .     Faith    .     (shield unavailable)
rPois  .         Spirit   .     (helmet unavailable)
rElec  .         Dismiss  .     (cloak unavailable)
rCorr  .         Reflect  .     (gloves unavailable)
SustAt .         Harm     .     (boots unavailable)
MR     .....                    (no amulet)
Stlth  ++........               (no ring)
                                (no ring)

@: quick, not resistant to hostile enchantments, unstealthy
A: no armour, no weapons or thrown items, claws 1, fangs 3, see invisible,
carnivore 3, speed 1, shaggy fur 1, slow metabolism 1, sharp paws
a: Berserk, Burn Spellbooks, Renounce Religion


You were on level 1 of the Dungeon.
You worshipped Trog.
Trog was aware of your devotion.
You were not hungry.

You visited 1 branch of the dungeon, and saw 1 of its levels.

You collected 41 gold pieces.

Inventory:

Hand Weapons
 j - a +0 hand axe
Armour
 h - a cursed +0 ring mail
Scrolls
 b - a scroll of teleportation {unknown}
 d - a scroll of enchant weapon {unknown}
 i - a scroll of remove curse {unknown}
Potions
 c - a potion of agility {unknown}
 e - a potion of degeneration {unknown}
 f - 2 potions of flight {unknown}
 g - a potion of curing {unknown}
Comestibles
 a - a meat ration


   Skills:
 + Level 3.1 Fighting
 + Level 4.5 Dodging
 + Level 3.4 Unarmed Combat


You had one spell level left.
You didn't know any spells.

Dungeon Overview and Level Annotations

Branches:
Dungeon (1/15)

Altars:


Innate Abilities, Weirdness & Mutations

You cannot wear armour.
You are incapable of wielding weapons or throwing items.
You have sharp claws.
You have razor-sharp teeth.
You have supernaturally acute eyesight.
You are carnivorous and can eat meat at any time.
You cover ground quickly.
You are covered in fur (AC +1).
You have a slow metabolism.
Your sharp claws are effective at attacking unaware monsters.


Message History

The bat closely misses you. The bat barely misses you.
The bat completely misses you. The bat hits you.
* * * LOW HITPOINT WARNING * * *
The bat hits you but does no damage. The bat closely misses you.
The bat completely misses you.
You scratch the bat but do no damage. The bat closely misses you.
The bat closely misses you.
You barely miss the bat. The bat hits you but does no damage.
The giant newt completely misses you. The bat barely misses you.
The bat completely misses you. The bat hits you but does no damage.
The bat hits you but does no damage.
You closely miss the bat. The bat completely misses you. The bat misses you.
You closely miss the bat. The bat hits you.
* * * LOW HITPOINT WARNING * * *
The bat closely misses you. The bat completely misses you. The bat hits you.
You die...

### .. # + ############# #
#########...........+
######.......g.....###...#
...............lg#.###...#
######.#######.#b#...#...#
#.# #.#@###.#...# #.#
#.#.# #.#...#.# #.#
#.#..##.......## ...
...............># ...
#.##.##.####...... ...
##....##.......####
.......#.......#
.......#.......#
.......#.......#


You could see a hobgoblin, a bat and a giant newt.

Vanquished Creatures
  2 giant geckos (D:1)
  A giant cockroach (D:1)
  2 goblins (D:1)
  A hobgoblin (D:1)
  4 jackals (D:1)
  A kobold (D:1)
  A giant newt (D:1)
  A rat (D:1)
13 creatures vanquished.

Notes
Turn   | Place    | Note
--------------------------------------------------------------
     0 | D:1      | UnknownArtist the Felid Berserker began the quest for the Orb.
     0 | D:1      | Reached XP level 1. HP: 10/10 MP: 2/2
   157 | D:1      | Reached XP level 2. HP: 14/14 MP: 3/3
   756 | D:1      | Slain by a bat

Vault maps used:
D:1:      dpeg_arrival_refuge, item_on_display_a

Action                   || total
-------------------------++-------
Melee: Unarmed           ||    39
       Punch             ||     3
       Bite              ||     4
Armor: Skin              ||     5
Dodge: Dodged            ||    66
